 Dungeon Crawl Stone Soup version 0.29.1-1-gd02db6906a (webtiles) character file.

Game seed: 11360579288976240222

7133 raph the Basher (level 11, 0/65 HPs)
             Began as a Gargoyle Fighter on Oct 17, 2022.
             Was a High Priest of Okawaru.
             Slain by a bog body (18 damage)
             ... on level 2 of the Lair of Beasts.
             The game lasted 00:11:44 (10582 turns).

raph the Basher (Gargoyle Fighter)                 Turns: 10582, Time: 00:11:44

Health: 0/65       AC: 27    Str: 19    XL:     11   Next: 10%
Magic:  15/16      EV:  8    Int: 10    God:    Okawaru [*****.]
Gold:   498        SH: 12    Dex: 13    Spells: 10/10 levels left

rFire   . . .      SeeInvis .   a - +0 morningstar
rCold   . . .      Faith    .   c - +0 buckler
rNeg    + . .      Spirit   .   j - +0 plate armour
rPois   ∞          Reflect  +   y - +0 helmet
rElec   +          Harm     .   (no cloak)
rCorr   .          Rampage  .   n - +1 pair of gloves
Will    .....                   (no boots)
Stlth   ..........              p - amulet of reflection
HPRegen 0.20/turn               (no ring)
MPRegen 0.15/turn               (no ring)

@: heroic, slowed, studying Evocations, very slow
A: sickness immunity, AC +8, negative energy resistance 1, electricity
resistance, torment resistance 1, petrification resistance
a: Renounce Religion, Heroism, Finesse, Duel


You were on level 2 of the Lair of Beasts.
You worshipped Okawaru.
Okawaru was extremely pleased with you.
You visited 3 branches of the dungeon, and saw 11 of its levels.
You also visited: Sewer.

You collected 498 gold pieces.

Inventory:

Hand Weapons
 a - a +0 morningstar (weapon)
 b - a +1 sling of flaming
 w - a +3 sling
 E - a +0 flail of protection
Missiles
 k - 18 poisoned darts (quivered)
 m - a throwing net
Armour
 c - a +0 buckler (worn)
 h - a +0 chain mail
 j - a +0 plate armour (worn)
 l - a +0 scale mail
 n - a +1 pair of gloves (worn)
 v - a +0 pair of gloves
 y - a +0 helmet (worn)
Jewellery
 p - an amulet of reflection (around neck)
 s - a ring of protection from fire
Wands
 f - a wand of iceblast (16)
 g - a wand of digging (7)
 z - a wand of mindburst (14)
 C - a wand of flame (15)
Scrolls
 d - 3 scrolls of teleportation
 o - 5 scrolls of fog
 B - a scroll of magic mapping
Potions
 e - 3 potions of heal wounds
 i - 3 potions of magic
 q - 2 potions of mutation {unknown}
 r - 4 potions of brilliance
 t - 2 potions of curing {unknown}
 u - 3 potions of attraction {unknown}
 x - 3 potions of ambrosia
 A - a potion of resistance
 D - a potion of flight {unknown}
 F - a potion of lignification {unknown}


   Skills:
 + Level 6.3(11.3) Fighting
 + Level 11.8(16.8) Maces & Flails
 + Level 6.2(11.2) Armour
 + Level 6.3(11.3) Shields
 * Level 7.5 Invocations
 + Level 6.2 Evocations


You had 10 spell levels left.
You didn't know any spells.
Your spell library contained the following spells:

 Spells                   Type           Power      Damage    Failure   Level
 Blink                    Tloc           0%         N/A       100%        2
 Ensorcelled Hibernation  Hex/Ice        0%         N/A       100%        2
 Passwall                 Tmut/Erth      0%         N/A       100%        2
 Poisonous Vapours        Pois/Air       0%         N/A       100%        2
 Static Discharge         Conj/Air       0%         3-3/arc   100%        2
 Conjure Flame            Conj/Fire      0%         6-21      100%        3
 Ignite Poison            Fire/Tmut/Pois 0%         N/A       100%        3
 Swiftness                Air            0%         N/A       100%        3
 Corpse Rot               Necr/Pois/Air  0%         N/A       100%        4
 Dispel Undead            Necr           0%         3d6       100%        4
 Sticky Flame             Conj/Fire      0%         2d3       100%        4
 Fireball                 Conj/Fire      0%         3d3       100%        5
 Starburst                Conj/Fire      0%         6d3       100%        6
 Ignition                 Fire           0%         3d3       100%        8


Dungeon Overview and Level Annotations

Branches:
Dungeon (8/15)             Temple (1/1) D:6            Lair (1/5) D:8
  Sewer (visited)

Altars:
Elyvilon
Fedhas
Kikubaaqudgha
Okawaru
Ru
Trog
Vehumet
Xom
Zin
The Shining One

Shops:
D:4 (

Annotations:
D:4 3 runed translucent doors, erker's ghost, weakling OpSu


Innate Abilities, Weirdness & Mutations

You are immune to sickness and miasma.
Your stone body is resilient. (AC +8)
You are immune to poison.
You resist negative energy. (rN+)
You are resistant to electric shocks. (rElec)
You are resistant to unholy torment.
You are immune to petrification.


Message History

The bolt of cold hits you!!
The bog body touches you but does no damage.
You barely miss the bog body.
The bog body gestures at you while chanting.
You feel yourself slow down.
The bog body gestures at you while chanting.
You feel as though you will be slow longer.
You hit the bog body.
The bog body is lightly damaged.
You block the bog body's attack. The bog body casts a spell at you.
The bolt of cold hits you!!
You are too injured to fight recklessly!
You are too injured to fight recklessly!
You are too injured to fight recklessly!
You are too injured to fight recklessly!
You are too injured to fight recklessly!
You are too injured to fight recklessly!
You are too injured to fight recklessly!
You are too injured to fight recklessly!
You are too injured to fight recklessly!
You hit the bog body but do no damage.
The bog body touches you but does no damage.
You impale the bog body!!
The bog body is heavily damaged.
The bog body touches you but does no damage.
The bog body gestures at you while chanting.
You resist with significant effort.
You puncture the bog body!
The bog body is almost destroyed.
The bog body casts a spell at you. You resist with significant effort.
The bog body gestures at you while chanting.
You feel as though you will be slow longer.
You hit the bog body but do no damage.
The bog body is almost destroyed.
You block the bog body's attack. The bog body touches you.
* * * LOW HITPOINT WARNING * * *
The bog body freezes you!!
You die...

.# .# ...... #.##
...... ##...#
......###....#
....##.....# ♣♣
....#..#.P#
~≈≈♣♣♣....#n..#
......⌠.?##@..#
♣...⌠...n..##
~~♣♣♣........#
♣♣♣♣♣♣...........#
♣...............##
###............##
##............#
#............#
#...........##


You could see 2 bog bodies.

Vanquished Creatures
  2 elephants (Lair:1)
  Maggie (D:6)
  A cane toad (Lair:1)
  3 komodo dragons (Lair:1)
  4 blink frogs (Lair:1)
  Sigmund (D:6)
  A wyvern (D:7)
  10 yaks (Lair:1)
  A water moccasin (D:7)
  3 ice beasts
  Pargi (Sewer)
  A phantom (D:6)
  5 bullfrogs
  A kobold brigand (D:6)
  A necrophage (D:7)
  2 scorpions
  6 wights
  6 howler monkeys (D:7)
  2 centaur zombies (D:7)
  A jelly (D:6)
  Ijyb (D:3)
  5 hounds
  A gnoll bouda (D:6)
  A human zombie (D:7)
  Jessica (D:2)
  An iguana (D:5)
  7 orc wizards
  A killer bee zombie (D:7)
  2 mummies (D:7)
  2 howler monkey zombies (D:7)
  9 gnolls
  10 adders
  5 white imps
  2 ufetubi (D:4)
  A worm (D:4)
  2 dart slugs (D:1)
  23 orcs
  6 endoplasms
  2 giant cockroaches
  15 goblins
  9 hobgoblins
  4 jackals
  6 kobolds
  6 quokkas
  10 ball pythons
  12 bats
  2 frilled lizards
  3 rats
202 creatures vanquished.

Vanquished Creatures (others)
  3 fungi (Lair:1)
  2 plants (Lair:1)
5 creatures vanquished.

Grand Total: 207 creatures vanquished

Notes
Turn   | Place    | Note
-------+----------+-------------------------------------------
     0 | D:1      | raph the Gargoyle Fighter began the quest for the Orb.
     0 | D:1      | Reached XP level 1. HP: 14/14 MP: 1/1
   155 | D:1      | Reached XP level 2. HP: 13/19 MP: 2/2
   403 | D:1      | Reached skill level 3 in Maces & Flails
   708 | D:1      | Found a faded altar of an unknown god.
   708 | D:1      | Noticed a chaos spawn
  1002 | D:2      | Reached XP level 3. HP: 23/23 MP: 3/3
  1208 | D:2      | Noticed Jessica
  1215 | D:2      | Killed Jessica
  1216 | D:2      | Reached skill level 4 in Maces & Flails
  1216 | D:2      | Reached XP level 4. HP: 27/28 MP: 4/4
  1224 | D:2      | Got Jessica's Secrets of Wanderlust
  1869 | D:3      | Noticed Ijyb
  1886 | D:3      | Killed Ijyb
  1887 | D:3      | Reached skill level 5 in Maces & Flails
  1887 | D:3      | Reached XP level 5. HP: 14/32 MP: 5/5
  2332 | D:3      | Found a bloodstained altar of Trog.
  3065 | D:3      | Found a blossoming altar of Fedhas.
  3406 | D:4      | Reached skill level 6 in Maces & Flails
  3409 | D:4      | Reached XP level 6. HP: 30/37 MP: 6/6
  3777 | D:4      | Found a glowing golden altar of the Shining One.
  3778 | D:4      | Found a radiant altar of Vehumet.
  3974 | D:4      | Found a runed translucent gate.
  3975 | D:4      | Found a runed translucent gate.
  3975 | D:4      | Noticed erker's ghost (weakling OpSu)
  3977 | D:4      | Found a runed translucent gate.
  3977 | D:4      | Identified the +0 mace of Ubbyim {flame, SInv}
  3977 | D:4      | Identified the +7 scale mail of Qyesch {rF- rC+ rN+ Str+4}
  4044 | D:4      | Found Wampohac's Weapon Shop.
  4209 | D:4      | Noticed an ice beast
  4225 | D:4      | Killed an ice beast
  4226 | D:4      | Reached skill level 7 in Maces & Flails
  4404 | D:5      | Entered Level 5 of the Dungeon
  4419 | D:4      | Reached XP level 7. HP: 32/41 MP: 7/7
  4964 | D:5      | Noticed a gargoyle
  4992 | D:5      | Reached skill level 8 in Maces & Flails
  5437 | D:6      | Found a glowing drain.
  5473 | Sewer    | Entered a sewer
  5510 | Sewer    | Noticed Pargi
  5520 | Sewer    | Killed Pargi
  5801 | D:6      | Reached skill level 9 in Maces & Flails
  5801 | D:6      | Reached XP level 8. HP: 46/46 MP: 8/8
  6035 | D:6      | Found a sacrificial altar of Ru.
  6036 | D:6      | Found a shimmering altar of Xom.
  6601 | D:6      | Found a staircase to the Ecumenical Temple.
  6618 | D:6      | Noticed Maggie
  6627 | D:6      | Killed Maggie
  6628 | D:6      | Reached skill level 10 in Maces & Flails
  6740 | Temple   | Entered the Ecumenical Temple
  6751 | Temple   | Became a worshipper of Warmaster Okawaru
  6924 | D:6      | Noticed Sigmund
  6945 | D:6      | Killed Sigmund
  6946 | D:6      | Reached skill level 1 in Invocations
  6946 | D:6      | Reached skill level 1 in Evocations
  7227 | D:7      | Reached XP level 9. HP: 51/51 MP: 10/10
  7452 | D:7      | Reached * piety under Okawaru
  8032 | D:7      | Found a glowing silver altar of Zin.
  8118 | D:7      | Reached skill level 11 in Maces & Flails
  8237 | D:7      | Found an ancient bone altar of Kikubaaqudgha.
  8760 | D:8      | Reached ** piety under Okawaru
  8806 | D:8      | Identified the +1 leather armour of the Learner {rF+++ rN+
                  | Dex-2}
  8867 | D:8      | Found a staircase to the Lair.
  8868 | D:8      | Noticed a two-headed ogre
  8872 | Lair:1   | Entered Level 1 of the Lair of Beasts
  8892 | Lair:1   | Reached skill level 5 in Invocations
  8892 | Lair:1   | Reached XP level 10. HP: 55/58 MP: 11/13
  8895 | Lair:1   | Reached skill level 5 in Fighting
  8895 | Lair:1   | Reached skill level 5 in Shields
  8911 | Lair:1   | Reached skill level 5 in Armour
  9396 | Lair:1   | Noticed a cane toad
  9404 | Lair:1   | Killed a cane toad
  9404 | Lair:1   | Reached *** piety under Okawaru
  9405 | Lair:1   | Reached skill level 5 in Evocations
 10187 | Lair:1   | Reached **** piety under Okawaru
 10338 | Lair:1   | Noticed an elephant
 10338 | Lair:1   | Noticed an elephant
 10367 | Lair:1   | Killed an elephant
 10368 | Lair:1   | Reached XP level 11. HP: 57/64 MP: 14/16
 10378 | Lair:1   | Reached ***** piety under Okawaru
 10557 | Lair:1   | You fall into a shaft and drop 1 floor!
 10565 | Lair:2   | Noticed a bog body
 10566 | Lair:2   | Noticed a bog body
 10582 | Lair:2   | Slain by a bog body

Illustrated notes

Levels and vault maps discovered:
D:1:      lightli_arrival_statuegarden, layout_basic,
          dreamdust_ecumenical_altar_sealed_demon
D:2:      layout_basic, kennysheep_jessica_study
D:3:      layout_loops_ring, trog_hazing_becter, fedhas_altar_fruit_tree,
          kennysheep_generic_room_14, uniq_ijyb
D:4:      layout_loops_ring, grunt_temple_overflow_open, serial_shops, shop,
          biasface_ghost_orc_armoury
D:5:      layout_cave_pools, nicolae_dithmenos_through_a_glass_darkly,
          roderic_lattice_a, minivault_23, minmay_manual_moon
D:6:      layout_basic, gammafunk_temple_overflow_pools, temple_statues,
          nicolae_ossuary_entry_false_entrances, cheibrodos_sewer_entry_sluice,
          uniq_maggie, uniq_sigmund
D:7:      layout_loops_ring, zin_academy, lemuel_mausoleum_altar_kikubaaqudgha,
          st_stairs_12
D:8:      layout_rooms, nicolae_qazlal_general_emergency, lair_entry_dummy,
          kennysheep_small_circle, uniq_amaemon, uniq_gastronok
Temple:   nicolae_temple_bog_church
Lair:1:   dreamdust_cave_troll, layout_cave_pods
Lair:2:   layout_chaotic_city, nicolae_swamp_entry_splash_gauntlet,
          infiniplex_staircase_pool, lemuel_fruit_fields, grunt_megastairs_2,
          uniq_fannar, uniq_erica

Skill      XL: |  1  2  3  4  5  6  7  8  9 10 |
---------------+-------------------------------+-----
Maces & Flails | 3 4 5 6 7 9 10 11 | 11.8
Invocations    | 1 5 7 |  7.5
Evocations     | 1 4 6 |  6.2
Fighting       | 4 6 |  6.3
Armour         | 4 6 |  6.2
Shields        | 4 6 |  6.3

Action                   |  1- 3 |  4- 6 |  7- 9 | 10-12 || total
-------------------------+-------+-------+-------+-------++-------
Melee: Flail             |    69 |   274 |   435 |       ||   778
       Morningstar       |       |       |    22 |   155 ||   177
 Fire: Sling             |       |       |     2 |       ||     2
Invok: Heroism           |       |       |     1 |     8 ||     9
Evoke: Wand              |       |       |     6 |       ||     6
  Use: Potion            |     1 |     1 |     1 |     1 ||     4
       Scroll            |       |     5 |    10 |       ||    15
Armor: Plate armour      |    42 |   208 |   269 |    72 ||   591
       Chain mail        |    10 |       |       |       ||    10
       Scale mail        |     8 |       |       |       ||     8
Dodge: Dodged            |    23 |    70 |    78 |    20 ||   191
Block: Buckler           |    13 |   119 |   206 |    58 ||   396
       Reflection        |       |       |     7 |       ||     7
